 Dungeon Crawl Stone Soup version 0.19.1 (webtiles) character file.

2068 esteth the Conjurer (level 9, -2/45 HPs)
             Began as a Gargoyle Fire Elementalist on Dec 16, 2016.
             Was a Believer of Vehumet.
             Slain by an orc warrior
             ... wielding a +0 glaive
              (10 damage)
             ... on level 8 of the Dungeon.
             The game lasted 00:27:58 (6634 turns).

esteth the Conjurer (Gargoyle Fire Elementalist)    Turns: 6634, Time: 00:27:59

Health: -2/45      AC: 12    Str: 11    XL:     9   Next: 26%
Magic:  9/18       EV: 13    Int: 29    God:    Vehumet [**....]
Gold:   238        SH:  0    Dex: 14    Spells: 3 memorised, 11 levels left

rFire  . . .     SeeInvis .     t - +2 hand axe (elec)
rCold  . . .     Gourm    .     v - +1 robe "Safuoto" {rCorr Dex+4}
rNeg   + . .     Faith    .     (no shield)
rPois  ∞         Spirit   .     o - +2 helmet
rElec  +         Reflect  .     (no cloak)
rCorr  +         Harm     .     (no gloves)
MR     .....                    d - +0 pair of boots
Stlth  ++........               s - amulet of magic regeneration
                                n - +3 ring of intelligence
                                j - +6 ring of intelligence

@: no status effects
A: negative energy resistance 1, electricity resistance, unbreathing,
petrification resistance, rot immunity, AC +5
a: Renounce Religion


You were on level 8 of the Dungeon.
You worshipped Vehumet.
Vehumet was pleased with you.
You were not hungry.

You visited 2 branches of the dungeon, and saw 9 of its levels.

You collected 238 gold pieces.

Inventory:

Hand Weapons
 t - a +2 hand axe of electrocution (weapon)
Armour
 d - a +0 pair of boots (worn)
 o - a +2 helmet (worn)
 p - the +1 robe of Goodbye, My Love {rPois rN+ Dex-2}
   (You found it on level 7 of the Dungeon)

   It affects your dexterity (-2).
   It protects you from poison.
   It protects you from negative energy.
 v - the +1 robe "Safuoto" (worn) {rCorr Dex+4}
   (You found it on level 4 of the Dungeon)

   It affects your dexterity (+4).
   It protects you from acid and corrosion.
Jewellery
 j - a +6 ring of intelligence (left hand)
 n - a +3 ring of intelligence (right hand)
 r - a +2 ring of evasion
 s - an amulet of magic regeneration (around neck)
 A - an uncursed ring of flight
Wands
 a - a wand of lightning (13/15)
 u - a wand of lightning (0/15)
 w - a wand of polymorph (8/24)
 y - a wand of flame (22/48)
 z - a wand of digging (9/24)
 E - a wand of lightning (5/15)
Scrolls
 l - 3 scrolls of teleportation
 m - 5 scrolls of identify
 C - a scroll of remove curse
Potions
 e - 2 potions of lignification {unknown}
 h - a potion of cure mutation {unknown}
 i - 6 potions of curing {unknown}
 k - a potion of agility {unknown}
 q - a potion of heal wounds {unknown}
Books
 b - a book of Flames

   Spells                             Type                      Level
   a - Flame Tongue                   Conjuration/Fire             1
   b - Throw Flame                    Conjuration/Fire             2
   c - Conjure Flame                  Conjuration/Fire             3
   d - Inner Flame                    Hexes/Fire                   3
   e - Sticky Flame                   Conjuration/Fire             4
   f - Fireball                       Conjuration/Fire             5
 B - a book of Necromancy

   Spells                             Type                      Level
   a - Pain                           Necromancy                   1
   b - Animate Skeleton               Necromancy                   1
   c - Vampiric Draining              Necromancy                   3
   d - Regeneration                   Charms/Necromancy            3
   e - Animate Dead                   Necromancy                   4
   f - Control Undead                 Necromancy                   4
Comestibles
 c - 5 bread rations
 f - 2 meat rations
 g - 2 slices of pizza
 x - 2 fruits
 D - a royal jelly
 F - 7 chunks of flesh


   Skills:
 * Level 2.5 Dodging
 - Level 2.8 Stealth
 + Level 6.4 Spellcasting
 + Level 7.4 Conjurations
 + Level 7.1 Fire Magic


You had 11 spell levels left.
You knew the following spells:

 Your Spells              Type           Power        Failure   Level  Hunger
a - Flame Tongue          Conj/Fire      #####        1%          1    None
b - Conjure Flame         Conj/Fire      ######..     1%          3    None
c - Fireball              Conj/Fire      ######....   10%         5    #####..


Dungeon Overview and Level Annotations

Branches:
Dungeon (8/15)             Temple (1/1) D:5            Lair (0/6) D:8

Altars:
Ashenzari
Cheibriados
Dithmenos
Elyvilon
Fedhas
Gozag
Hepliaklqana
Kikubaaqudgha
Makhleb
Nemelex Xobeh
Okawaru
Qazlal
Ru
Sif Muna
Trog
Uskayaw
Vehumet
Xom
Yredelemnul
Zin
The Shining One

Annotations:
D:3 exclusions: 2 player ghosts and 3 more exclusions, Philosophy's ghost, amateur FoFi


Innate Abilities, Weirdness & Mutations

You are resistant to torment.
Your stone body is resilient. (AC +5)
You are immune to poison.
You resist negative energy. (rN+)
You are resistant to electric shocks. (rElec)
You can survive without breathing.
You are immune to petrification.
You are immune to rotting.


Message History

The flame tongue hits the centaur.
You kill the centaur!
Vehumet accepts your kill.
You feel your power returning.
Casting: Flame Tongue
Confirm with . or Enter, or press ? or * to list all spells.
Aiming: Flame Tongue
Press: ? - help, Shift-Dir - straight line, f - orc warrior
Aim: an orc warrior, wielding a glaive and wearing a chain mail (lightly wounded)
The flame tongue misses the orc warrior.
The orc warrior completely misses you.
Casting: Flame Tongue
Confirm with . or Enter, or press ? or * to list all spells.
Aiming: Flame Tongue
Press: ? - help, Shift-Dir - straight line, f/p - orc warrior
Aim: an orc warrior, wielding a glaive and wearing a chain mail (lightly wounded)
The flame tongue hits the orc warrior.
The orc warrior is moderately wounded.
The orc warrior hits you from afar with a glaive!
You die...

#.# #.# ##..####÷## .
.#P........# # #..
....P.P!÷..# .# #..<
PP.PP.PP.P.###<######...
P.....PPP÷..............
...........%.########. .
P.P####PP....#
...#>?#@.....# ..
#.o§)§PPP## ####P.P..#
r.PP...P.P.#
P.P..PP...## r....P....#
.)P.P.P..## #.!....###
####...#


You could see an orc warrior.

Vanquished Creatures
  A hippogriff (D:8)
  The ghost of Philosophy the Shield-Bearer, an amateur FoFi (D:4)
  2 sky beasts (D:6)
  An orc warrior (D:6)
  An ice beast (D:6)
  2 ogres (D:4)
  A centaur (D:8)
  A bullfrog (D:6)
  A water moccasin zombie (D:8)
  5 killer bees (D:7)
  A bullfrog zombie (D:7)
  A crimson imp (D:5)
  2 centaur skeletons
  A jelly (D:5)
  3 hounds
  A gnoll shaman (D:5)
  3 orc priests
  3 orc wizards
  An iguana (D:7)
  A worker ant (D:7)
  A hound zombie (D:5)
  8 gnolls (D:5)
  A river rat (D:8)
  6 adders
  A shadow imp (D:5)
  2 oozes
  An adder zombie (D:6)
  6 worms
  A dart slug (D:1)
  4 leopard geckos
  20 orcs
  12 bats
  2 giant cockroaches
  6 goblins
  6 hobgoblins
  4 quokkas
  2 ball pythons
  6 frilled lizards
  7 kobolds
  A leopard gecko skeleton (D:7)
  A quokka skeleton (D:6)
  19 rats
  2 fungi (D:8)
152 creatures vanquished.

Notes
Turn   | Place    | Note
-------+----------+-------------------------------------------
     0 | D:1      | esteth the Gargoyle Fire Elementalist began the quest for the Orb.
     0 | D:1      | Reached XP level 1. HP: 10/10 MP: 3/3
   361 | D:1      | Reached XP level 2. HP: 15/15 MP: 0/5
  1136 | D:2      | Reached XP level 3. HP: 19/19 MP: 2/6
  1787 | D:2      | Reached XP level 4. HP: 23/24 MP: 0/8
  2339 | D:3      | Noticed Philosophy's ghost (amateur FoFi)
  2840 | D:3      | Reached XP level 5. HP: 28/28 MP: 4/9
  3051 | D:3      | Learned a level 3 spell: Conjure Flame
  3662 | D:4      | Noticed an ogre
  3674 | D:4      | Killed an ogre
  3674 | D:4      | Reached XP level 6. HP: 32/32 MP: 4/11
  3718 | D:4      | Got a colourful robe
  3729 | D:4      | Identified the +1 robe "Safuoto" {rCorr Dex+4} (You found it on level 4 of the Dungeon)
  3915 | D:4      | Noticed Philosophy's ghost (amateur FoFi)
  3954 | D:4      | Reached XP level 7. HP: 36/36 MP: 3/13
  4032 | D:4      | Killed Philosophy's ghost
  4032 | D:4      | Reached skill level 5 in Conjurations
  4144 | D:5      | Entered Level 5 of the Dungeon
  4243 | D:5      | Found a staircase to the Ecumenical Temple.
  4298 | D:5      | Found a sparkling altar of Nemelex Xobeh.
  4315 | Temple   | Entered the Ecumenical Temple
  4344 | Temple   | Became a worshipper of Vehumet
  4502 | D:5      | Reached skill level 5 in Fire Magic
  5054 | D:6      | Found a shadowy altar of Dithmenos.
  5099 | D:6      | Learned a level 5 spell: Fireball
  5246 | D:6      | Reached skill level 5 in Spellcasting
  5246 | D:6      | Reached XP level 8. HP: 41/41 MP: 6/15
  5253 | D:6      | Reached * piety under Vehumet
  5253 | D:6      | Offered knowledge of Sting by Vehumet.
  6040 | D:7      | Reached XP level 9. HP: 38/45 MP: 18/18
  6081 | D:7      | Got a fabulously ornate robe
  6092 | D:7      | Identified the +1 robe of Goodbye, My Love {rPois rN+ Dex-2} (You found it on level 7 of the Dungeon)
  6371 | D:7      | Found a deep blue altar of Sif Muna.
  6545 | D:8      | Offered knowledge of Throw Frost by Vehumet.
  6555 | D:8      | Reached ** piety under Vehumet
  6623 | D:8      | Found a staircase to the Lair.
  6634 | D:8      | Slain by an orc warrior

Skill      XL: |  1  2  3  4  5  6  7  8  9 |
---------------+----------------------------+-----
Conjurations   | 2 4 5 7 |  7.4
Spellcasting   | 3 4 5 6 |  6.4
Fire Magic     | 4 5 6 7 |  7.1
Dodging        | 2 |  2.5
Stealth        | |  2.8

Action                   |  1- 3 |  4- 6 |  7- 9 || total
-------------------------+-------+-------+-------++-------
Melee: Unarmed           |     5 |     1 |       ||     6
       Dagger            |       |     1 |    35 ||    36
       Hand axe          |       |       |    14 ||    14
 Cast: Flame Tongue      |    64 |   104 |   182 ||   350
       Conjure Flame     |       |     1 |    14 ||    15
       Fireball          |       |       |     2 ||     2
Evoke: Wand              |       |       |     3 ||     3
  Use: Scroll            |     2 |     5 |     7 ||    14
  Eat: Chunk             |     3 |     6 |     2 ||    11
       Bread ration      |       |       |     2 ||     2
Armor: Robe              |    10 |    23 |    56 ||    89
Dodge: Dodged            |    20 |    17 |    78 ||   115
